 Dungeon Sprint DCSS version 0.27-a0-1456-gf5a116941d (webtiles) character file.

Game seed: 11421272036502745549

718 mhtbhm the Fighter (level 7, -2/73 HPs)
             Began as a Hill Orc Fighter on July 5, 2021.
             Was an Initiate of Trog.
             Slain by a deep troll (7 damage)
             ... in the Dungeon (Sprint I: "Red Sonja").
             The game lasted 00:01:30 (1218 turns).

mhtbhm the Fighter (Hill Orc Fighter)               Turns: 1218, Time: 00:01:32

Health: -2/73      AC:  7    Str: 21    XL:     7   Next: 70%
Magic:  7/7        EV: 10    Int:  8    God:    Trog [......]
Gold:   627        SH: 11    Dex: 10    Spells: 6/6 levels left

rFire    . . .     SeeInvis .   a - +0 war axe
rCold    . . .     Faith    .   c - +0 kite shield
rNeg     . . .     Spirit   .   b - +3 leather armour {Will+}
rPois    .         Reflect  .   (no helmet)
rElec    .         Harm     .   (no cloak)
rCorr    .         Rampage  .   (no gloves)
Will     +....     NoTele   +   (no boots)
Stlth    +.........             (no amulet)
HPRegen  0.22/turn              (no ring)
MPRegen  0.10/turn              (no ring)

@: no status effects
A: no striking features
a: Renounce Religion


You were in the Dungeon.
You worshipped Trog.
Trog was noncommittal.
You visited 1 branch You collected 627 gold pieces.

Inventory:

Hand Weapons
 a - a +0 war axe (weapon)
Missiles
 m - 2 curare-tipped darts (quivered)
Armour
 b - a +3 leather armour of willpower (worn)
 c - a +0 kite shield (worn)
Wands
 k - a wand of digging (2)
 l - a wand of polymorph (10)
Scrolls
 i - a scroll of amnesia {unknown}
 j - a scroll of blinking
Potions
 d - a potion of might
 e - 3 potions of curing
 f - a potion of heal wounds
 g - a potion of haste
 h - 2 potions of magic


   Skills:
 + Level 10.5 Fighting
 + Level 10.2 Axes
 + Level 9.3 Armour
 + Level 1.9 Dodging
 + Level 0.1 Stealth
 + Level 9.8 Shields


You had 6 spell levels left.
You didn't know any spells.
Your spell library was empty.

Dungeon Overview and Level Annotations

Branches:
Dungeon (1/1)

Altars:
Cheibriados
Dithmenos
Elyvilon
Fedhas
Gozag
Hepliaklqana
Kikubaaqudgha
Makhleb
Nemelex Xobeh
Okawaru
Qazlal
Ru
Sif Muna
Trog
Uskayaw
Vehumet
Wu Jian
Xom
Yredelemnul
Zin
The Shining One
Jiyva
Lugonu

Shops:
D ((


Message History

You now have 627 gold pieces (gained 13).
You see here a +0 leather armour.
There is an open door here.
You open the door.
A deep troll comes into view.
The deep troll shouts!
Found 108 gold pieces.
Unknown command.
Throw: 3 darts (curare)
Press: ? - help, Q - select action, (/) - cycle Shift-Dir - straight line, f - deep troll
Aim: a deep troll (62% to hit)
You throw a curare-tipped dart.
The curare-tipped dart hits the deep troll.
The deep troll is poisoned.
The deep troll convulses.
The deep troll seems to slow down.
The deep troll is lightly wounded.
There is an open door here.
You hit the deep troll.
The deep troll is moderately wounded.
The deep troll bites you!! The deep troll claws you. The deep troll claws you!
You completely miss the deep troll.
The deep troll is moderately wounded.
You slash the deep troll!
The deep troll is heavily wounded.
You block the deep troll's attack. The deep troll claws you!
The deep troll claws you.
You hit the deep troll but do no damage.
The deep troll is heavily wounded.
The deep troll bites you!
* * * LOW HITPOINT WARNING * * *
The deep troll misses you. The deep troll barely misses you.
You closely miss the deep troll.
The deep troll is moderately wounded.
The deep troll is no longer moving slowly.
You hit the deep troll.
The deep troll is heavily wounded.
The deep troll bites you!
* * * LOW HITPOINT WARNING * * *
The deep troll claws you!
You die...

#..#####'#####'#__#
#..####..#...#.####
#..#__####..##.#
#..#_____##'#_.+
#⌠⌠#_.∩...'..._#
####_..__##_.#'#
#_____###)#.#
############.####+###
#∩^.......'...@T(.$$+
###++++####...#######
###.### #.#'#.#
#.....# #.([..#
#######


You could see a deep troll (poisoned).

Vanquished Creatures
  A slime creature (D)
  Sigmund (D)
  A yak (D)
  A water moccasin (D)
  An ogre (D)
  A jelly (D)
  Ijyb (D)
7 creatures vanquished.

Vanquished Creatures (others)
  2 hornets (D)
  2 ballistomycete spores (D)
4 creatures vanquished.

Grand Total: 11 creatures vanquished

Notes
Turn   | Place    | Note
-------+----------+-------------------------------------------
     0 | D        | mhtbhm the Hill Orc Fighter began the quest for the Orb.
     0 | D        | Reached XP level 1. HP: 19/19 MP: 1/1
     1 | D        | Noticed Ijyb
    19 | D        | Killed Ijyb
    20 | D        | Reached skill level 5 in Fighting
    20 | D        | Reached XP level 2. HP: 17/29 MP: 2/2
    20 | D        | Reached XP level 3. HP: 22/36 MP: 3/3
   276 | D        | Noticed an ogre
   280 | D        | Killed an ogre
   281 | D        | Reached skill level 5 in Axes
   281 | D        | Reached XP level 4. HP: 47/47 MP: 4/4
   403 | D        | Noticed Sigmund
   411 | D        | Killed Sigmund
   412 | D        | Reached XP level 5. HP: 30/56 MP: 5/5
   412 | D        | Reached XP level 6. HP: 33/62 MP: 6/6
   558 | D        | Found an ornate altar of the Wu Jian Council.
   558 | D        | Found a shimmering blue altar of Sif Muna.
   560 | D        | Found a radiant altar of Vehumet.
   601 | D        | Found Xuhes's Antique Weapon Emporium.
   601 | D        | Found an ancient bone altar of Kikubaaqudgha.
   601 | D        | Found a hazy altar of Hepliaklqana.
   601 | D        | Found a stormy altar of Qazlal.
   601 | D        | Found a hide-covered altar of Uskayaw.
   601 | D        | Found a blossoming altar of Fedhas.
   601 | D        | Found a bloodstained altar of Trog.
   601 | D        | Found an iron altar of Okawaru.
   601 | D        | Found a basalt altar of Yredelemnul.
   601 | D        | Found a glowing golden altar of the Shining One.
   601 | D        | Found a snail-covered altar of Cheibriados.
   601 | D        | Found a sacrificial altar of Ru.
   601 | D        | Found a glowing silver altar of Zin.
   601 | D        | Found a shadowy altar of Dithmenos.
   601 | D        | Found a white marble altar of Elyvilon.
   601 | D        | Noticed a yak
   607 | D        | Killed a yak
   608 | D        | Reached skill level 1 in Dodging
   608 | D        | Reached XP level 7. HP: 37/71 MP: 7/7
   608 | D        | Found an opulent altar of Gozag.
   609 | D        | Found a sparkling altar of Nemelex Xobeh.
   777 | D        | Found a burning altar of Makhleb.
   777 | D        | Found a viscous altar of Jiyva.
   777 | D        | Found a shimmering altar of Xom.
   777 | D        | Found a corrupted altar of Lugonu.
   777 | D        | Noticed a slime creature
   795 | D        | Killed a slime creature
   796 | D        | Reached skill level 10 in Fighting
   955 | D        | Became a worshipper of Trog the Wrathful
   966 | D        | Noticed Sonja
   967 | D        | Noticed Sonja
   967 | D        | Sonja changed into Sonja the water moccasin
   976 | D        | Killed Sonja the water moccasin
   977 | D        | Reached skill level 10 in Axes
  1117 | D        | Found Hazaywiw's Antique Weapon Boutique.
  1203 | D        | Killed a hornet
  1210 | D        | Noticed a deep troll
  1218 | D        | Killed a hornet
  1218 | D        | Slain by a deep troll

Illustrated notes

Levels and vault maps discovered:
D:        dungeon_sprint_1 [red_sonja_temple_1, red_sonja_temple_small_1]

Skill      XL: |  1  2  3  4  5  6  7 |
---------------+----------------------+-----
Fighting       | 5 7 8 9 10 | 10.5
Axes           | 3 5 7 8 10 | 10.2
Armour         | 4 6 7 8 9 |  9.3
Shields        | 4 6 7 8 9 |  9.8
Dodging        | 1 |  1.9
Stealth        | |  0.1

Action                   |  1- 3 |  4- 6 |  7- 9 || total
-------------------------+-------+-------+-------++-------
Melee: War axe           |    20 |    15 |    32 ||    67
Throw: Dart              |       |       |     1 ||     1
Evoke: Wand              |       |       |     1 ||     1
  Use: Potion            |     1 |       |       ||     1
Armor: Scale mail        |     9 |       |       ||     9
       Leather armour    |       |     2 |     6 ||     8
Dodge: Dodged            |     4 |     5 |    10 ||    19
Block: Kite shield       |     9 |     5 |    13 ||    27

Table legend: (Time is in decaauts)
 A = Elapsed time spent in this place.
 B = Non-inter-level travel time spent in this place.
 C = Inter-level travel time spent in this place.
 D = Time resting spent in this place.
 E = Time spent auto-exploring this place.
 F = Levels seen in this place.
 G = Mean time per level.
                   A        B        C        D        E       F      G
               +--------+--------+--------+--------+--------+-----+--------+
         Total |   1253 |   1253 |      0 |    917 |      1 |   1 | 1253.0 |
       Dungeon |   1253 |   1253 |      0 |    917 |      1 |   1 | 1253.0 |
               +--------+--------+--------+--------+--------+-----+--------+

Top non-repeatable levels by time:
       D: 1253 daAuts
